 Dungeon Crawl Stone Soup version 0.21.1-1-g345015f (webtiles) character file.

383 Lilu the Magician (level 6, 0/32 HPs)
             Began as a Deep Elf Conjurer on July 22, 2018.
             Slain by a hound (1 damage)
             ... on level 3 of the Dungeon.
             The game lasted 00:22:59 (3158 turns).

Lilu the Magician (Deep Elf Conjurer)               Turns: 3158, Time: 00:23:00

Health: 0/32       AC:  2    Str:  7    XL:     6   Next: 47%
Magic:  4/18       EV: 13    Int: 20    God:
Gold:   131        SH:  0    Dex: 15    Spells: 13/20 levels left

rFire    . . .     SeeInvis .   l - +0 club
rCold    . . .     Gourm    .   (no shield)
rNeg     . . .     Faith    .   a - +0 robe
rPois    .         Spirit   .   (no helmet)
rElec    .         Reflect  .   (no cloak)
rCorr    .         Harm     .   (no gloves)
MR       .....                  (no boots)
Stlth    +.........             (no amulet)
HPRegen  0.10/turn              o - ring of fire
MPRegen  0.16/turn              z - ring of ice

@: very slow
A: no striking features
a: no special abilities


You were on level 3 of the Dungeon.
You were not hungry.

You visited 1 branch of the dungeon, and saw 4 of its levels.
You also visited: Sewer.

You collected 131 gold pieces.

Inventory:

Hand Weapons
 l - a +0 club (weapon)
 x - a +0 dagger
 F - a +0 hunting sling
Missiles
 h - 23 bolts
 i - 90 stones (quivered)
 j - 6 needles of sleeping
 k - 14 sling bullets
 p - 4 tomahawks of returning
 u - 35 arrows
 E - 5 tomahawks
Armour
 a - a +0 robe (worn)
 t - a +0 buckler
 w - a +0 robe
Jewellery
 o - a ring of fire (left hand)
 z - a ring of ice (right hand)
Scrolls
 f - 2 scrolls of teleportation {unknown}
 g - 2 scrolls of immolation {unknown}
 m - 4 scrolls of identify {unknown}
 r - 2 scrolls of remove curse {unknown}
 s - 2 scrolls of fear {unknown}
 y - a scroll of magic mapping {unknown}
 D - a scroll of random uselessness {unknown}
Potions
 d - 2 potions of ambrosia {unknown}
 e - 3 potions of flight {unknown}
 n - a potion of haste {unknown}
 q - 3 potions of heal wounds {unknown}
 v - 4 potions of curing
 B - a potion of brilliance {unknown}
 C - 2 potions of agility {unknown}
Books
 b - a book of Conjurations

   Spells                             Type                      Level
   a - Magic Dart                     Conjuration                  1
   b - Searing Ray                    Conjuration                  2
   c - Dazzling Spray                 Conjuration/Hexes            3
   d - Fulminant Prism                Conjuration/Hexes            4
   e - Force Lance                    Conjuration/Translocation    4
   f - Iskenderun's Mystic Blast      Conjuration                  4
Comestibles
 c - 8 rations


   Skills:
 - Level 2.4 Dodging
 - Level 2.4 Stealth
 * Level 7.9 Spellcasting
 - Level 6.0 Conjurations


You had 13 spell levels left.
You knew the following spells:

 Your Spells              Type           Power        Failure   Level  Hunger
a - Magic Dart            Conj           ####         1%          1    None
b - Searing Ray           Conj           ####..       1%          2    None
c - Iskenderun's Mystic   Conj           ####....     7%          4    ###....


Dungeon Overview and Level Annotations

Branches:
Dungeon (4/15)
 Temple: D:4-7

Altars:
Hepliaklqana
The Shining One

Annotations:
D:4 Eustachio; Lilu's ghost, novice TrMo


Message History

Confirm with . or Enter, or press ? or * to list all spells.
Okay, then.
The hound misses you. The hound closely misses you.
The hound barely misses you. The hound bites you.
* * * LOW HITPOINT WARNING * * *
The hound bites you.
* * * LOW HITPOINT WARNING * * *
You enter the shallow water.
Moving in this stuff is going to be slow.
The hound bites you.
* * * LOW HITPOINT WARNING * * *
The hound barely misses you.
You enter the shallow water.
Moving in this stuff is going to be slow.
The hound bites you.
* * * LOW HITPOINT WARNING * * *
The hound bites you.
You die...

#.≈≈≈.≈≈..≈≈≈.###.###.#.#
#..≈.≈≈.≈..≈≈≈# #..#....#
##≈.≈≈≈≈≈≈≈≈≈≈≈#
###.#####
##.≈.≈≈≈≈≈≈≈≈≈≈≈####...##
#..≈.≈≈≈≈≈≈≈≈≈...##.....#
#..≈≈≈≈≈.♣.≈≈≈.≈........#
#..≈≈≈≈≈≈_≈≈≈≈..##......#
##...≈≈≈≈♣.≈≈ha.##.#...##
##...≈≈≈≈≈≈≈@≈≈.##...###
#.#≈.≈≈≈≈≈≈≈≈≈≈.####.#
#...≈≈≈≈≈≈≈≈≈≈..# #.#
#.#..≈..≈≈≈.≈.≈≈# #.#
#..≈..≈≈........# #.#
#.......######### #.#
#..#............####.#
#..#.##.####.......#.#
#....##.# #.##.##.#.#


You could see a hound and a worker ant.

Vanquished Creatures
  2 big kobolds (Sewer)
  An orc wizard (D:3)
  A worker ant (D:3)
  A hound zombie (D:3)
  6 adders
  5 oozes
  2 worms
  4 leopard geckos
  10 orcs
  3 ball pythons (Sewer)
  7 bats
  3 giant cockroaches
  6 hobgoblins
  7 jackals
  A quokka (D:3)
  5 frilled lizards
  5 goblins
  21 kobolds
  9 rats
99 creatures vanquished.

Notes
Turn   | Place    | Note
-------+----------+-------------------------------------------
     0 | D:1      | Lilu the Deep Elf Conjurer began the quest for the Orb.
     0 | D:1      | Reached XP level 1. HP: 10/10 MP: 6/6
   348 | D:1      | Reached skill level 5 in Conjurations
   348 | D:1      | Reached XP level 2. HP: 15/15 MP: 0/8
   359 | D:1      | Learned a level 2 spell: Searing Ray
   383 | D:1      | Found a glowing golden altar of the Shining One.
   754 | D:2      | Reached XP level 3. HP: 15/19 MP: 1/9
  1168 | D:2      | Found a hazy altar of Hepliaklqana.
  1622 | D:3      | Reached XP level 4. HP: 24/24 MP: 7/11
  1722 | D:3      | Reached skill level 4 in Spellcasting
  1724 | D:3      | Reached skill level 5 in Spellcasting
  1881 | D:3      | Learned a level 4 spell: Iskenderun's Mystic Blast
  1921 | D:3      | Reached XP level 5. HP: 28/28 MP: 12/14
  2075 | D:3      | Found a glowing drain.
  2086 | Sewer    | Entered a sewer
  2246 | Sewer    | Reached skill level 6 in Spellcasting
  2403 | Sewer    | Reached skill level 7 in Spellcasting
  2403 | Sewer    | Reached XP level 6. HP: 21/32 MP: 3/18
  2551 | D:3      | Found a faded altar of an unknown god.
  3121 | D:4      | Noticed a two-headed ogre
  3125 | D:4      | Noticed Lilu's ghost (novice TrMo)
  3126 | D:4      | Noticed Eustachio
  3157 | D:3      | HP: 1/32 [hound (1)]
  3158 | D:3      | Slain by a hound

Skill      XL: |  1  2  3  4  5 |
---------------+----------------+-----
Conjurations   | 5 6 |  6.0
Spellcasting   | 5 7 |  7.9
Dodging        | |  2.4
Stealth        | |  2.4

Action                   |  1- 3 |  4- 6 || total
-------------------------+-------+-------++-------
Melee: Club              |       |     1 ||     1
 Cast: Magic Dart        |    74 |    94 ||   168
       Searing Ray       |     2 |     4 ||     6
       Iskenderun's Myst |       |    13 ||    13
  Eat: Chunk             |     2 |     6 ||     8
Armor: Robe              |     1 |     1 ||     2
Dodge: Dodged            |     5 |    28 ||    33
